 Dungeon Crawl Stone Soup version 0.20-a0-673-g53087c7 (webtiles) character file.

170 M4edhros the Sneak (level 5, -4/33 HPs)
             Began as an Octopode Artificer on Feb 18, 2017.
             Killed themself with a badly aimed fireball (20 damage)
             ... in a sewer.
             The game lasted 00:01:35 (969 turns).

M4edhros the Sneak (Octopode Artificer)              Turns: 969, Time: 00:01:36

Health: -4/33      AC:  1    Str: 11    XL:     5   Next: 50%
Magic:  7/7        EV: 13    Int: 14    God:
Gold:   0          SH:  0    Dex: 13    Spells: 4/4 levels left

rFire    . . .     SeeInvis .   k - +0 rapier
rCold    . . .     Gourm    .   (no shield)
rNeg     . . .     Faith    .   (helmet restricted)
rPois    .         Spirit   .   (no amulet)
rElec    .         Reflect  .   (no ring)
rCorr    .         Harm     .   (no ring)
MR       .....                  (no ring)
Stlth    ++++++....             (no ring)
Regen    0.2/turn               (no ring)
MPRegen  0.1/turn               (no ring)
                                (no ring)
                                (no ring)

@: no status effects
A: almost no armour, stealthy swim, amphibious, 8 rings, constrict 8, camouflage
1, gelatinous body 1
a: no special abilities


You were in a sewer.
You were not hungry.

You visited 1 branch of the dungeon, and saw 3 of its levels.
You also visited: Sewer.

Inventory:

Hand Weapons
 a - a +0 short sword
 h - a +1 vampiric dagger
 k - a +0 rapier (weapon)
 l - a +0 hand axe of chopping
Missiles
 e - 67 stones (quivered)
Armour
 i - a +0 large shield
Wands
 b - a wand of flame (0/48)
 c - a wand of enslavement (12/24)
 d - a wand of random effects (10/48)
Scrolls
 m - a scroll of identify {unknown}
Potions
 g - a potion of curing {unknown}
Comestibles
 f - a bread ration
 j - 2 fruits


   Skills:
 - Level 1.0 Fighting
 - Level 1.0 Short Blades
 - Level 2.0 Dodging
 + Level 7.5 Stealth
 - Level 3.2 Evocations


You had 4 spell levels left.
You didn't know any spells.

Dungeon Overview and Level Annotations

Branches:
Dungeon (3/15)

Altars:
Okawaru


Innate Abilities, Weirdness & Mutations

You cannot wear most types of armour.
You are very stealthy in the water. (Stealth+)
You are amphibious.
You can wear up to eight rings at the same time.
You can use your tentacles to constrict eight enemies at once.
Your skin changes colour to match your surroundings (Stealth+).
Your rubbery body absorbs attacks. (AC +1, EV +1)


Message History

Found a fruit, a royal jelly, a metal-bound book and 29 gold pieces.
Evoke which item? (* to show all) (? for menu, Esc to quit)
This wand has no charges.
Unknown command.
Evoke which item? (* to show all) (? for menu, Esc to quit)
Aiming: Random Effects
Press: ? - help, Shift-Dir - straight line, f - crocodile
Aim: a crocodile (water)
The crocodile struggles to resist.
This wand has 10 charges left.
The crocodile bites you!
Ouch! That really hurt!
Evoke which item? (* to show all) (? for menu, Esc to quit)
Aiming: Random Effects
Press: ? - help, Shift-Dir - straight line, f/p - crocodile
Aim: a crocodile (water)
The fireball explodes!
The fireball engulfs the crocodile.
The crocodile is heavily wounded.
The fireball engulfs you!
Ouch! That really hurt!
You die...

#. #.# #.# #.#
####### #.#
##†....## #.#
##...≈...##
#.#######†..≈≈≈...##
#..........t@≈≈≈.∩.#
#.#######...≈≈≈...##
#.# ##...≈...## #.#
##..†..## ###.###
####### #.....#
#.......# #.......#
#.......#


You could see a crocodile.

Vanquished Creatures
  The ghost of M4edhros the Sneak, an amateur OpAr of Gozag (D:3)
  An adder (D:2)
  A river rat (D:3)
  A worm (D:2)
  2 dart slugs (D:1)
  A leopard gecko (D:1)
  7 bats
  2 giant cockroaches
  3 goblins (D:1)
  2 hobgoblins
  2 ball pythons (D:3)
  A frilled lizard (D:2)
  A kobold (D:2)
  5 rats
30 creatures vanquished.

Vanquished Creatures (collateral kills)
  2 rats (D:3)
2 creatures vanquished.

Vanquished Creatures (others)
  An adder (D:3)
1 creature vanquished.

Grand Total: 33 creatures vanquished

Notes
Turn   | Place    | Note
-------+----------+-------------------------------------------
     0 | D:1      | M4edhros the Octopode Artificer began the quest for the Orb.
     0 | D:1      | Reached XP level 1. HP: 13/13 MP: 3/3
    13 | D:1      | Reached skill level 2 in Stealth
   136 | D:1      | Reached skill level 3 in Stealth
   136 | D:1      | Reached XP level 2. HP: 18/18 MP: 4/4
   389 | D:2      | Reached skill level 4 in Stealth
   389 | D:2      | Reached XP level 3. HP: 15/23 MP: 5/5
   433 | D:2      | Found an iron altar of Okawaru.
   682 | D:3      | Noticed M4edhros's ghost (amateur OpAr)
   694 | D:3      | Killed M4edhros's ghost
   694 | D:3      | Reached skill level 7 in Stealth
   694 | D:3      | Reached XP level 4. HP: 6/28 MP: 6/6
   694 | D:3      | Reached XP level 5. HP: 7/33 MP: 7/7
   744 | D:3      | Found a glowing drain.
   789 | Sewer    | Entered a sewer
   948 | Sewer    | Noticed a crocodile
   969 | Sewer    | Killed themself with a badly aimed fireball

Vault maps used:
D:1:      sevenhm_arrival_forest_fort_small_5, minmay_misc_feat_encased
D:2:      okawaru_ov_weapons_minmay, gammafunk_temple_overflow_elements
D:3:      portal_sewer_entry_b, uniq_grinder
Sewer:    sewer_big_baddie

Skill      XL: |  1  2  3 |
---------------+----------+-----
Stealth        | 3 4 7 |  7.5
Fighting       | |  1.0
Short Blades   | |  1.0
Dodging        | |  2.0
Evocations     | |  3.2

Action                   |  1- 3 |  4- 6 || total
-------------------------+-------+-------++-------
Melee: Short sword       |    32 |       ||    32
       Constrict         |    10 |     2 ||    12
       Tentacles         |     3 |     1 ||     4
       Rapier            |    11 |     9 ||    20
       Hand axe          |     1 |       ||     1
Evoke: Wand              |     8 |    15 ||    23
 Stab: Sleeping          |     8 |     3 ||    11
       Distracted        |     1 |       ||     1
Armor: Skin              |     5 |     1 ||     6
Dodge: Dodged            |    34 |     7 ||    41
